 Dungeon Crawl Stone Soup version 0.26.1-11-gd32895ea62 (webtiles) character file.

Game seed: 8448516939731667328

275420 Zeld the Warrior (level 19, -12/188 HPs)
             Began as a Minotaur Berserker on July 14, 2021.
             Was the Champion of Trog.
             Hit by a large rock thrown by a stone giant (43 damage)
             ... on level 1 of the Vaults on July 19, 2021.
             The game lasted 01:33:35 (66885 turns).

Zeld the Warrior (Minotaur Berserker)              Turns: 66885, Time: 01:33:35

Health: -12/188    AC: 18    Str: 32    XL:     19   Next: 55%
Magic:  18/18      EV: 22    Int:  2    God:    Trog [******]
Gold:   586        SH: 24    Dex: 16    Spells: 18/18 levels left

rFire    + + +     SeeInvis +   a - +7 broad axe of Fee Simple {vorpal, Str+4 Dex+4 Stlth+}
rCold    . . .     Faith    .   N - +5 kite shield
rNeg     . . .     Spirit   .   J - +1 scale mail of Slovenliness {rF+++ rC- Int-2 SInv}
rPois    .         Reflect  +   (helmet restricted)
rElec    .         Harm     .   C - scarf {repulsion}
rCorr    .         Rampage  .   B - +2 pair of gloves
Will     +....                  G - +2 pair of boots
Stlth    +.........             A - amulet of reflection
HPRegen  0.41/turn              r - ring of protection from fire
MPRegen  0.16/turn              H - ring of protection from cold

@: flayed, hasted, repel missiles, very quick
A: retaliatory headbutt, horns 2
}: 2/15 runes: decaying, gossamer
a: Renounce Religion, Berserk, Trog's Hand, Brothers in Arms


You were on level 1 of the Vaults.
You worshipped Trog.
Trog was exalted by your worship.
You visited 8 branches of the dungeon, and saw 35 of its levels.
You visited 2 bazaars.
You also visited: Sewer, Ossuary, Bailey, Gauntlet, Ice Cave and Volcano.

You collected 4645 gold pieces.
You spent 4059 gold pieces at shops.

Inventory:

Hand Weapons
 a - the +7 broad axe of Fee Simple (weapon) {vorpal, Str+4 Dex+4 Stlth+}
   (You found it on level 1 of the Swamp)

   It inflicts extra damage upon your enemies.
   It affects your strength (+4).
   It affects your dexterity (+4).
   It makes you more stealthy.
 b - the +4 broad axe "Peotaf" {flame, rElec rC+}
   (Trog gifted it to you on level 4 of the Swamp)

   It has been specially enchanted to burn those struck by it, causing extra
   injury to most foes and up to half again as much damage against particularly
   susceptible opponents.
   Big, fiery blades are also staple armaments of hydra-hunters.
   It protects you from cold.
   It insulates you from electricity.
Armour
 v - the +7 crystal plate armour of Grace {Slay+3 Stlth+}
   (You acquired it on level 11 of the Dungeon)

   It affects your accuracy and damage with ranged weapons and melee attacks
   (+3).
   It makes you more stealthy.
 B - a +2 pair of gloves (worn)
 C - a scarf of repulsion (worn)
 G - a +2 pair of boots (worn)
 J - the +1 scale mail of Slovenliness (worn) {rF+++ rC- Int-2 SInv}
   (You found it on level 2 of the Lair of Beasts)

   It affects your intelligence (-2).
   It renders you almost immune to fire.
   It makes you vulnerable to cold.
   It lets you see invisible.
 N - a +5 kite shield (worn)
Jewellery
 r - a ring of protection from fire (left hand)
 A - an amulet of reflection (around neck)
 H - a ring of protection from cold (right hand)
 P - an uncursed ring of poison resistance
 Q - an uncursed ring of resist corrosion
Wands
 q - a wand of disintegration (60)
 u - a wand of flame (100)
 x - a wand of polymorph (34)
 y - a wand of iceblast (51)
 z - a wand of enslavement (10)
 D - a wand of digging (6)
 E - a wand of paralysis (21)
 M - a wand of acid (14)
Scrolls
 f - a scroll of fear
 i - 30 scrolls of identify
 j - 15 scrolls of teleportation
 l - 4 scrolls of holy word
 m - 22 scrolls of remove curse
 o - 3 scrolls of magic mapping
 w - 2 scrolls of silence
 F - a scroll of enchant weapon
 O - 2 scrolls of brand weapon
 R - a scroll of enchant armour
 S - a scroll of torment {unknown}
Potions
 c - 6 potions of magic
 d - 8 potions of ambrosia
 e - 4 potions of berserk rage
 g - 13 potions of curing
 h - 7 potions of might
 k - 7 potions of cancellation
 n - 8 potions of haste
 p - 4 potions of invisibility
 s - 6 potions of resistance
 t - 6 potions of flight
Miscellaneous
 I - a phantom mirror
 K - a lightning rod (4/4)
 L - a condenser vane


   Skills:
 * Level 20.9 Fighting
 - Level 20.0 Axes
 - Level 16.0 Armour
 - Level 17.0 Dodging
 + Level 11.8 Shields
 + Level 10.6 Evocations


You had 18 spell levels left.
You didn't know any spells.
Your spell library was empty.

Dungeon Overview and Level Annotations

Branches:
Dungeon (15/15)            Temple (1/1) D:4            Lair (6/6) D:9
  Swamp (4/4) Lair:2       Spider (4/4) Lair:3        Slime (0/5) Lair:6
    Orc (2/2) D:12            Elf (2/3) Orc:2        Vaults (1/5) D:13
 Depths (0/5) D:15          Sewer (visited)         Ossuary (visited)
 Bailey (visited)           IceCv (visited)         Volcano (visited)
Gauntlet (visited)

Altars:
Ashenzari
Cheibriados
Dithmenos
Elyvilon
Fedhas
Gozag
Hepliaklqana
Kikubaaqudgha
Makhleb
Nemelex Xobeh
Okawaru
Qazlal
Ru
Sif Muna
Trog
Uskayaw
Vehumet
Wu Jian
Xom
Yredelemnul
Zin
The Shining One
Beogh

Shops:
D:10 *[   Orc:2 }*[(!!**   Elf:2 [

Annotations:
Spider:4 Uncleared
Elf:1 2 transporters, Soammui's ghost, adept MiBe
Elf:2 3 runed translucent doors


Innate Abilities, Weirdness & Mutations

You reflexively headbutt those who attack you in melee.
You have a pair of horns on your head.


Message History

Unknown command.
The ironbrand convoker gestures at the entropy weaver while chanting.
The entropy weaver seems to grow stronger.
The stone giant throws a large rock.
The large rock misses you.
The flayed ghost cries, "Feel what I felt!"
Terrible wounds spread across more of your body!
The flayed ghost stares at you with tortured malice.
Terrible wounds spread across more of your body!
The flayed ghost cries, "Feel what I felt!"
Terrible wounds spread across more of your body!
The flayed ghost cries, "Feel what I felt!"
Terrible wounds spread across more of your body!
* * * LOW HITPOINT WARNING * * *
The flayed ghost stares at you with tortured malice.
Terrible wounds spread across more of your body!
* * * LOW HITPOINT WARNING * * *
Okay, then.
You feel yourself speed up.
The stone giant throws a large rock.
The large rock hits you!!!
You die...

...........#####....####....#....
...........#..##..##..##..###(...
...........'....####....### #...(
...........#..##..##..##..###(..(
...........#####....####....'..(.
...........### #..##..##..###[...
...........#.#######....#'#..(...
############...### #..###...[....
..........W.....@######....()(...
.......†.C.......................
..(......W.......................
..............................(..
#(#################....)........#
()# #......(..[...# .)#
#............[# .o########
#...########..' (W#......# #####
#...#......#.)'


You could see a stone giant (strong) and 2 flayed ghosts.

Vanquished Creatures
  Arachne (Spider:1)
  A titan (Vaults:1)
  A lich (Vaults:1)
  Kirke (Swamp:2)
  2 thorn hunters
  A fire giant (Vaults:1)
  A fenstrider witch (Swamp:3)
  3 emperor scorpions
  3 vault wardens (Vaults:1)
  5 ghost moths (Spider:4)
  The ghost of Adireryl the Fighter, a journeyman HOFi of Beogh (Lair:5)
  Louise (Swamp:4)
  5 ironheart preservers (Vaults:1)
  2 very ugly things
  A stone giant (Orc:1)
  A deep elf demonologist (Elf:2)
  3 deep elf annihilators
  Azrael (D:14)
  7 bunyips
  An entropy weaver (Spider:3)
  3 spark wasps
  Snorg (Orc:1)
  A crystal guardian (Vaults:1)
  A fire dragon (Vaults:1)
  2 yaktaur captains (Vaults:1)
  5 eleionomae
  A death ooze (Swamp:4)
  2 green deaths (Swamp:4)
  2 hell beasts (Swamp:4)
  12 boulder beetles
  4 vault guards
  A great orb of eyes (Vaults:1)
  A rakshasa (D:15)
  19 hydras
  An ice dragon (Vaults:1)
  9 ghost crabs
  3 catoblepae
  A death knight (D:14)
  8 centaur warriors
  5 two-headed ogres (Vaults:1)
  4 death yaks (Lair:6)
  2 ogre magi (Vaults:1)
  9 dancing weapons
  9 alligators
  A deep troll shaman (Lair:6)
  2 thrashing horrors (Gauntlet)
  4 tengu warriors
  5 deep elf knights
  4 spriggans
  A sixfirhy (Gauntlet)
  A glowing orange brain (D:15)
  A wizard (D:14)
  3 goliath frogs
  4 skeletal warriors (Vaults:1)
  A hell knight (Volcano)
  5 spriggan druids
  5 swamp dragons
  4 deep trolls (Vaults:1)
  An unseen horror (D:14)
  A lindwurm (Lair:6)
  2 phantasmal warriors
  4 deep elf archers
  An obsidian statue (Volcano)
  9 bog bodies
  2 ironbrand convokers (Vaults:1)
  6 orc knights
  2 necromancers (Vaults:1)
  8 orc sorcerers
  29 wolf spiders
  9 ugly things
  21 orb spiders
  31 deep elf magi
  21 slime creatures
  4 cyclopes
  17 elephants
  A manticore (D:12)
  3 will-o-the-wisps
  A moth of wrath (Lair:5)
  An ice statue (IceCv)
  7 black mambas
  4 apocalypse crabs (Swamp:1)
  The ghost of alphawulf the Archer, a novice GnHu of Okawaru (D:6)
  3 torpor snails
  4 vault sentinels (Vaults:1)
  2 centaur skeletons
  A gargoyle (D:10)
  4 kobold demonologists (D:14)
  2 orange demons (Swamp:4)
  4 rime drakes
  7 komodo dragons
  17 yaktaurs
  A rime drake (shapeshifter) (Vaults:1)
  A tengu conjurer (D:15)
  14 cane toads
  A yaktaur (shapeshifter) (D:13)
  An efreet (D:14)
  13 freezing wraiths
  12 demonic crawlers
  3 meliai
  A queen bee (shapeshifter) (Vaults:1)
  23 jumping spiders
  A queen bee (D:10)
  6 trolls
  11 hornets
  8 tyrant leeches
  A polar bear (Lair:5)
  A blink frog (shapeshifter) (Vaults:1)
  9 blink frogs (Lair:6)
  7 dream sheep (Lair:6)
  An air elemental (Elf:1)
  3 large abominations (Swamp:4)
  A water elemental (Elf:1)
  54 redbacks
  4 shadows
  A vampire (D:14)
  6 wraiths
  An ice dragon skeleton (Vaults:1)
  29 tarantellas
  2 wyverns
  2 ettin skeletons (Vaults:1)
  4 fire elementals
  47 yaks
  10 basilisks
  A basilisk (shapeshifter) (D:15)
  7 fire bats (Volcano)
  A steam dragon (D:11)
  7 vampire mosquitoes
  2 death yak simulacra (IceCv)
  9 wargs
  An acid dragon (D:11)
  18 swamp worms
  15 water moccasins
  3 hell hounds (D:14)
  4 swamp drakes
  9 black bears
  3 sky beasts
  6 ice beasts (IceCv)
  A hornet zombie (D:7)
  25 orc warriors
  An alligator simulacrum (IceCv)
  18 wolves
  10 ogres
  2 phantoms
  An orc skeleton (Vaults:1)
  10 centaurs
  4 human skeletons (Vaults:1)
  5 big kobolds
  A yaktaur zombie (Vaults:1)
  2 elf zombies (Ossuary)
  15 bullfrogs
  A water moccasin zombie (D:7)
  A wyvern zombie (D:9)
  3 earth elementals
  2 small abominations (Gauntlet)
  2 scorpions (D:9)
  31 killer bees
  A human simulacrum (Vaults:1)
  11 wights
  2 electric eels
  A howler monkey (D:13)
  5 lava snakes (Volcano)
  7 centaur zombies
  4 crimson imps (D:4)
  3 draconian simulacra (IceCv)
  3 bullfrog zombies
  5 jellies
  A yaktaur simulacrum (Vaults:1)
  A bullfrog skeleton (D:11)
  2 hounds
  14 orc priests
  3 human zombies
  44 orc wizards
  4 iguanas
  12 worker ants
  2 spriggan simulacra (IceCv)
  3 troll simulacra (IceCv)
  A polar bear simulacrum (IceCv)
  A big kobold zombie (Ossuary)
  2 centaur simulacra (IceCv)
  2 hound zombies (Ossuary)
  2 hound skeletons
  3 mummies (Ossuary)
  A howler monkey zombie (D:10)
  A worker ant zombie (D:11)
  A howler monkey skeleton (D:11)
  8 river rats
  19 adders
  A naga simulacrum (IceCv)
  An ogre simulacrum (IceCv)
  2 shadow imps
  14 white imps
  5 ufetubi
  7 oozes
  7 adder skeletons
  4 adder zombies
  5 worms
  2 dart slugs
  3 leopard geckos
  105 orcs
  4 giant cockroaches
  14 goblins
  7 hobgoblins
  6 jackals
  34 kobolds
  4 quokkas
  3 ball pythons (Sewer)
  4 bats
  9 frilled lizards
  A giant cockroach zombie (D:5)
  4 goblin zombies (Ossuary)
  4 hobgoblin zombies (Ossuary)
  A jackal skeleton (D:5)
  3 jackal zombies (Ossuary)
  2 kobold zombies (Ossuary)
  A leopard gecko skeleton (D:7)
  5 quokka zombies (Ossuary)
  26 rats
  3 rat zombies (Ossuary)
1379 creatures vanquished.

Vanquished Creatures (collateral kills)
  The ghost of Hypnoxylon the Brawler, an adept TrMo of Hepliaklqana (Swamp:3)
  A minotaur (Gauntlet)
  A vault guard (D:12)
  A boulder beetle (D:11)
  Harold (D:7)
  Sonja (D:12)
  A bog body (Lair:2)
  A necromancer (IceCv)
  A troll (D:11)
  A swamp worm (Lair:2)
  A water moccasin (Lair:2)
  2 orc warriors (D:8)
  3 killer bees
  An orc priest (D:8)
  A bullfrog skeleton (D:11)
  An orc wizard (D:8)
  2 spriggan simulacra (IceCv)
  2 centaur simulacra (IceCv)
  A naga simulacrum (IceCv)
  3 ogre simulacra (IceCv)
  5 orcs
  2 goblins (D:11)
  3 kobolds (D:11)
37 creatures vanquished.

Vanquished Creatures (others)
  Nessos (Lair:4)
  A deep elf knight (Elf:1)
  2 deep elf archers (Elf:1)
  A swamp dragon (Swamp:2)
  A will-o-the-wisp (Swamp:2)
  A torpor snail (Lair:6)
  A centaur skeleton (D:15)
  A jumping spider (Spider:2)
  A hornet (Swamp:1)
  A bloated husk (Swamp:2)
  A meliai zombie (D:15)
  A spriggan (Swamp:1)
  5 hogs (Swamp:2)
  4 yaks (Lair:6)
  A swamp drake (Swamp:2)
  3 wolves (Lair:6)
  2 orc wizards (Orc:2)
  3 orcs
  2 kobolds (D:11)
  4 bushes (D:8)
  26 foxfires
  36 fungi
  50 plants
149 creatures vanquished.

Grand Total: 1565 creatures vanquished

Notes
Turn   | Place    | Note
-------+----------+-------------------------------------------
     0 | D:1      | Zeld the Minotaur Berserker began the quest for the Orb.
     0 | D:1      | Reached XP level 1. HP: 19/19 MP: 0/0
   275 | D:1      | Reached XP level 2. HP: 27/27 MP: 1/1
  1420 | D:2      | Reached XP level 3. HP: 27/33 MP: 2/2
  1484 | D:2      | Reached ** piety under Trog
  2219 | D:3      | Reached XP level 4. HP: 21/40 MP: 3/3
  2220 | D:3      | Reached skill level 5 in Axes
  2978 | D:3      | Reached XP level 5. HP: 42/47 MP: 4/4
  3102 | D:3      | Found an iron altar of Okawaru.
  4039 | D:4      | Found a staircase to the Ecumenical Temple.
  4214 | D:4      | Found a sand-covered staircase.
  4218 | Ossuary  | Entered an ossuary
  4240 | Ossuary  | Reached *** piety under Trog
  4252 | Ossuary  | Reached XP level 6. HP: 32/55 MP: 5/5
  4255 | Ossuary  | Reached skill level 5 in Fighting
  5312 | Ossuary  | Reached XP level 7. HP: 57/61 MP: 6/6
  5796 | D:4      | Found a stormy altar of Qazlal.
  5896 | D:4      | Found a shadowy altar of Dithmenos.
  6029 | D:4      | Got an agate-encrusted ring mail
  6040 | D:4      | Identified the +6 ring mail of Emucvixzat {rElec rC+ Int-4
                  | Stlth+} (You found it on level 4 of the Dungeon)
  6040 | D:4      | Lost intelligence.
  6169 | D:4      | Found a shimmering altar of Xom.
  6200 | D:4      | Reached **** piety under Trog
  6206 | D:4      | Reached skill level 5 in Armour
  6481 | D:5      | Entered Level 5 of the Dungeon
  6699 | D:5      | Found a white marble altar of Elyvilon.
  7943 | D:6      | Found a sparkling altar of Nemelex Xobeh.
  7950 | D:6      | Found a runed translucent gate.
  7950 | D:6      | Found a runed translucent gate.
  7950 | D:6      | Noticed alphawulf's ghost (novice GnHu)
  7965 | D:6      | Reached XP level 8. HP: 33/66 MP: 7/7
  7971 | D:6      | Reached skill level 5 in Dodging
  8174 | D:6      | Found a glowing drain.
  8181 | Sewer    | Entered a sewer
  9330 | Sewer    | Reached ***** piety under Trog
  9749 | D:6      | Found a hazy altar of Hepliaklqana.
  9773 | D:6      | Found a runed translucent gate.
  9773 | D:6      | Noticed a centaur warrior
 10151 | D:6      | Found an opulent altar of Gozag.
 10424 | Temple   | Entered the Ecumenical Temple
 10921 | D:7      | Noticed Harold
 10941 | D:7      | Killed Harold
 10942 | D:7      | Reached XP level 9. HP: 76/79 MP: 8/8
 11380 | D:7      | Found a glowing silver altar of Zin.
 11546 | D:7      | Found a burning altar of Makhleb.
 11999 | D:8      | Reached skill level 10 in Axes
 12454 | D:8      | Found a shimmering altar of Xom.
 14556 | D:9      | Found a sacrificial altar of Ru.
 14718 | D:9      | Reached XP level 10. HP: 90/90 MP: 9/9
 15293 | D:9      | Found a staircase to the Lair.
 15589 | D:10     | Entered Level 10 of the Dungeon
 15648 | D:10     | Noticed a gargoyle
 15656 | D:10     | Killed a gargoyle
 15998 | D:10     | Found Jodeucar's Antique Armour Shoppe.
 16001 | D:10     | Bought a pair of boots for 171 gold pieces
 16992 | D:10     | Found Vitekk's Island Escapes.
 17264 | D:11     | Reached XP level 11. HP: 49/99 MP: 10/10
 17369 | D:11     | Noticed a boulder beetle
 17390 | D:11     | Found a flagged portal.
 17403 | Bailey   | Entered a bailey
 18547 | Bailey   | Identified the cursed +0 plate armour "Safoawin" {Rampage}
 18547 | Bailey   | Identified the +8 tower shield of Qajaz Etyciu {-Tele
                  | Regen+ Int+2}
 19613 | Bailey   | Reached skill level 10 in Fighting
 19903 | D:11     | Killed a boulder beetle
 20303 | D:11     | Noticed a red ugly thing
 20321 | D:10     | Killed a red ugly thing
 20611 | D:11     | Identified a scroll of acquirement
 20612 | D:11     | Acquired the +7 crystal plate armour of Grace {Slay+3
                  | Stlth+}
 21312 | D:12     | Noticed an eight-headed hydra
 21323 | D:11     | Reached skill level 10 in Armour
 21566 | D:12     | Killed an eight-headed hydra
 22124 | D:12     | Found a staircase to the Orcish Mines.
 22314 | D:12     | Noticed Sonja
 22338 | D:12     | Killed Sonja
 22387 | D:12     | Noticed a white ugly thing
 22393 | D:12     | Killed a white ugly thing
 22640 | D:13     | Reached skill level 10 in Dodging
 22865 | D:13     | Reached XP level 12. HP: 110/110 MP: 11/11
 23115 | D:13     | Found a gate to the Vaults.
 23115 | D:13     | Noticed a boulder beetle
 23115 | D:13     | Noticed a vault guard
 23115 | D:13     | Noticed a vault guard
 23115 | D:13     | Noticed a vault guard
 23115 | D:13     | Noticed a centaur warrior
 23115 | D:13     | Noticed a vault guard
 23136 | D:12     | Killed a centaur warrior
 23299 | D:12     | Killed a boulder beetle
 23587 | D:12     | Killed a vault guard
 23648 | D:13     | Noticed a centaur warrior
 23872 | D:12     | Killed a vault guard
 23944 | D:12     | Killed a centaur warrior
 24185 | D:13     | Killed a vault guard
 24267 | D:13     | Reached skill level 1 in Evocations
 24287 | D:13     | Killed a vault guard
 24288 | D:13     | Reached skill level 1 in Shields
 24796 | D:14     | Noticed a death knight
 24805 | D:14     | Killed a death knight
 25562 | D:14     | Noticed a tengu warrior
 25572 | D:14     | Killed a tengu warrior
 25725 | D:14     | Noticed a boulder beetle
 25738 | D:14     | Killed a boulder beetle
 25739 | D:14     | Reached XP level 13. HP: 90/119 MP: 12/12
 26354 | D:15     | Entered Level 15 of the Dungeon
 26387 | D:15     | Received a gift from Trog
 26471 | D:15     | Noticed Azrael
 27041 | D:15     | Found a flickering gateway to a bazaar.
 27054 | Bazaar   | Entered a bazaar
 27058 | Bazaar   | Found Fabbethreo's Assorted Antiques.
 27124 | Bazaar   | Found Acosyng's Assorted Antiques.
 27129 | Bazaar   | Bought a potion of invisibility for 248 gold pieces
 27129 | Bazaar   | Bought an inky potion for 27 gold pieces
 27129 | Bazaar   | Bought a wand of disintegration (12) for 124 gold pieces
 27129 | Bazaar   | Bought a scroll of identify for 62 gold pieces
 27129 | Bazaar   | Bought a ruby potion for 27 gold pieces
 27129 | Bazaar   | Bought a scroll of identify for 62 gold pieces
 27129 | Bazaar   | Bought a scroll of identify for 62 gold pieces
 27140 | Bazaar   | Found Rediresm's Magic Scroll Shoppe.
 27145 | Bazaar   | Bought a scroll of teleportation for 24 gold pieces
 27145 | Bazaar   | Bought 2 scrolls of teleportation for 48 gold pieces
 27145 | Bazaar   | Bought a scroll of enchant armour for 60 gold pieces
 27145 | Bazaar   | Bought a scroll of identify for 16 gold pieces
 27145 | Bazaar   | Bought a scroll of teleportation for 24 gold pieces
 27145 | Bazaar   | Bought a scroll of magic mapping for 28 gold pieces
 27188 | Bazaar   | Found Qoli's Weapon Shoppe.
 27233 | Bazaar   | Found Gitis's Armour Emporium.
 27255 | Bazaar   | Bought an inky potion for 29 gold pieces
 28276 | D:10     | Bought a potion of invisibility for 104 gold pieces
 28276 | D:10     | Bought 2 potions of flight for 78 gold pieces
 28411 | D:14     | Reached skill level 15 in Axes
 30012 | D:14     | Killed Azrael
 30920 | D:15     | Reached skill level 5 in Shields
 31021 | D:15     | Found a staircase to the Depths.
 31311 | Lair:1   | Entered Level 1 of the Lair of Beasts
 31494 | Lair:1   | Reached XP level 14. HP: 118/132 MP: 4/13
 32319 | Lair:2   | Found a frozen archway.
 32322 | Lair:2   | Acquired 807 gold pieces
 32333 | IceCv    | Entered an ice cave
 32782 | IceCv    | Found an ancient bone altar of Kikubaaqudgha.
 33845 | Lair:2   | Found a staircase to the Swamp.
 34978 | Lair:3   | Found a dark tunnel.
 34989 | Volcano  | Entered a volcano
 35390 | Volcano  | Found a burning altar of Makhleb.
 35741 | Lair:3   | Found a hole to the Spider Nest.
 35808 | Lair:3   | Reached skill level 5 in Evocations
 36192 | Spider:1 | Entered Level 1 of the Spider Nest
 36385 | Lair:4   | Reached skill level 15 in Fighting
 36662 | Lair:4   | Noticed Nessos
 36675 | Lair:4   | Killed Nessos
 36874 | Lair:4   | You fall into a shaft and drop 2 floors!
 36874 | Lair:6   | Entered Level 6 of the Lair of Beasts
 37082 | Lair:6   | Found a staircase to the Slime Pits.
 37143 | Lair:6   | Found a gate leading to a gauntlet.
 37153 | Gauntlet | Entered a Gauntlet
 37153 | Gauntlet | Found a transporter.
 37393 | Gauntlet | Found a transporter.
 37396 | Gauntlet | Found a transporter.
 37407 | Gauntlet | Found a transporter.
 37410 | Gauntlet | Found a transporter.
 37422 | Gauntlet | Found a transporter.
 37437 | Gauntlet | Found a transporter.
 37448 | Gauntlet | Found a transporter.
 37459 | Gauntlet | Found a runed translucent gate.
 37460 | Gauntlet | Found a transporter.
 37460 | Gauntlet | Found a runed translucent gate.
 37461 | Gauntlet | Found a runed translucent gate.
 37463 | Gauntlet | Found the ring of the Tortoise {AC+8}
 37476 | Gauntlet | Found a transporter.
 37489 | Gauntlet | Found a transporter.
 37490 | Gauntlet | Found a transporter.
 37550 | Gauntlet | Found a transporter.
 37553 | Gauntlet | Found a transporter.
 37553 | Gauntlet | Found a runed translucent door.
 37648 | Gauntlet | Reached XP level 15. HP: 141/141 MP: 4/14
 37808 | Gauntlet | Received a gift from Trog
 39764 | Lair:5   | Found a transporter.
 39771 | Lair:5   | Noticed Adireryl's ghost (journeyman HOFi)
 39875 | Lair:5   | Found a transporter.
 41774 | Lair:5   | Killed Adireryl's ghost
 42275 | Swamp:1  | Entered Level 1 of the Swamp
 42284 | Swamp:1  | Found a runed translucent door.
 42289 | Swamp:1  | Got a shimmering broad axe
 42524 | D:12     | Identified the +7 broad axe of Fee Simple {vorpal, Str+4
                  | Dex+4 Stlth+} (You found it on level 1 of the Swamp)
 42695 | Orc:1    | Entered Level 1 of the Orcish Mines
 42750 | Orc:1    | You fall into a shaft and drop 1 floor!
 42750 | Orc:2    | Entered Level 2 of the Orcish Mines
 42779 | Orc:2    | Received a gift from Trog
 42781 | Orc:2    | Reached skill level 15 in Dodging
 42877 | Orc:1    | Noticed Snorg
 42891 | Orc:1    | Killed Snorg
 43090 | Orc:2    | Found Vythroeju's Distillery.
 43099 | Orc:2    | Bought a potion of flight for 36 gold pieces
 43099 | Orc:2    | Bought a potion of curing for 36 gold pieces
 43099 | Orc:2    | Bought 2 potions of magic for 192 gold pieces
 43099 | Orc:2    | Bought a potion of curing for 36 gold pieces
 43099 | Orc:2    | Bought a potion of curing for 36 gold pieces
 43099 | Orc:2    | Bought a potion of might for 48 gold pieces
 43099 | Orc:2    | Bought a potion of cancellation for 96 gold pieces
 43155 | Orc:2    | Found Cunei's Assorted Antiques.
 43161 | Orc:2    | Bought a scroll of enchant armour for 187 gold pieces
 43161 | Orc:2    | Bought a potion of cancellation for 200 gold pieces
 43161 | Orc:2    | Bought a scroll of identify for 50 gold pieces
 43161 | Orc:2    | Bought a potion of flight for 75 gold pieces
 43161 | Orc:2    | Bought a wand of polymorph (11) for 50 gold pieces
 43221 | Orc:2    | Found Qemizako's Antique Weapon Emporium.
 43266 | Orc:2    | Found Cagriste's Gadget Shop.
 43274 | Orc:2    | Bought a lightning rod (4/4) for 330 gold pieces
 43274 | Orc:2    | Bought a wand of acid (14) for 396 gold pieces
 43274 | Orc:2    | Bought a wand of paralysis (9) for 121 gold pieces
 43282 | Orc:2    | Found a staircase to the Elven Halls.
 43387 | Orc:1    | Found a roughly hewn altar of Beogh.
 43390 | Orc:1    | Received a gift from Trog
 43394 | Orc:1    | Reached ****** piety under Trog
 43700 | Orc:2    | Found a roughly hewn altar of Beogh.
 43714 | Orc:2    | Found Butu's Distillery.
 43719 | Orc:2    | Paralysed by an orc sorcerer for 7 turns
 43744 | Orc:2    | Bought a potion of haste for 120 gold pieces
 43744 | Orc:2    | Bought a potion of resistance for 120 gold pieces
 43744 | Orc:2    | Bought a potion of curing for 36 gold pieces
 43744 | Orc:2    | Bought a potion of curing for 36 gold pieces
 43744 | Orc:2    | Bought a potion of resistance for 120 gold pieces
 43744 | Orc:2    | Bought a potion of flight for 36 gold pieces
 43749 | Orc:2    | Found Cyixaic's Assorted Antiques.
 43808 | Orc:2    | Found a roughly hewn altar of Beogh.
 43811 | Orc:2    | Reached XP level 16. HP: 138/152 MP: 15/15
 43933 | Orc:2    | Found Beb Dam's Armour Shoppe.
 43948 | Orc:2    | Found Gufir's Assorted Antiques.
 43965 | Orc:2    | Bought a scroll of magic mapping for 66 gold pieces
 44414 | D:6      | Killed alphawulf's ghost
 48039 | Swamp:2  | Noticed a thorn hunter
 48263 | Swamp:2  | Killed a thorn hunter
 48788 | Swamp:2  | Received a gift from Trog
 49204 | Swamp:2  | Noticed Kirke
 49216 | Swamp:2  | Killed Kirke
 49874 | Swamp:3  | Found a runed translucent door.
 50724 | Swamp:3  | Noticed Hypnoxylon's ghost (adept TrMo)
 50748 | Swamp:3  | Killed Hypnoxylon's ghost
 51271 | Swamp:4  | Entered Level 4 of the Swamp
 51294 | Swamp:4  | Noticed a thorn hunter
 52079 | Swamp:3  | Killed a thorn hunter
 52436 | Swamp:4  | Reached XP level 17. HP: 160/162 MP: 16/16
 52445 | Swamp:4  | Noticed Louise
 52475 | Swamp:4  | Killed Louise
 52514 | Swamp:4  | Received a gift from Trog
 52877 | Swamp:4  | Reached skill level 15 in Armour
 53204 | Swamp:4  | Got an iridescent broad axe {god gift}
 53209 | Swamp:4  | Identified the +4 broad axe "Peotaf" {flame, rElec rC+}
                  | (Trog gifted it to you on level 4 of the Swamp)
 53583 | Swamp:4  | Got a decaying rune of Zot
 53898 | Orc:2    | Bought a scroll of identify for 38 gold pieces
 53898 | Orc:2    | Bought a scroll of identify for 38 gold pieces
 53898 | Orc:2    | Bought a scroll of identify for 38 gold pieces
 53898 | Orc:2    | Bought a scroll of identify for 38 gold pieces
 53898 | Orc:2    | Bought a scroll of enchant weapon for 142 gold pieces
 53898 | Orc:2    | Bought a scroll of teleportation for 57 gold pieces
 55769 | Spider:2 | Noticed Arachne
 56363 | Spider:1 | Killed Arachne
 56577 | Spider:2 | Received a gift from Trog
 57713 | Spider:3 | Reached XP level 18. HP: 146/173 MP: 17/17
 58242 | Spider:2 | Got a dazzling ring mail
 58253 | Spider:2 | Identified the +1 ring mail of the Endless Expanse {Int+3}
                  | (You found it on level 2 of the Spider Nest)
 58396 | Lair:2   | Got a glimmering scale mail
 58407 | Lair:2   | Identified the +1 scale mail of Slovenliness {rF+++ rC-
                  | Int-2 SInv} (You found it on level 2 of the Lair of Beasts)
 58542 | Spider:4 | Entered Level 4 of the Spider Nest
 58545 | Spider:4 | Received a gift from Trog
 59971 | Spider:4 | Received a gift from Trog
 60366 | Spider:4 | Got a gossamer rune of Zot
 60927 | Elf:1    | Entered Level 1 of the Elven Halls
 61157 | Elf:1    | Noticed Soammui's ghost (adept MiBe)
 61158 | Elf:1    | Found a transporter.
 61163 | Elf:1    | Found a transporter.
 61718 | Elf:1    | Identified the +6 mace of the Extremes {freeze, rPois}
 62280 | Elf:2    | Received a gift from Trog
 62343 | Elf:2    | Found Obushryny's Antique Armour Shoppe.
 62426 | Elf:2    | Found a radiant altar of Vehumet.
 62481 | Elf:2    | Reached skill level 10 in Shields
 63111 | Elf:2    | Found a runed translucent gate.
 63111 | Elf:2    | Found a runed translucent gate.
 63111 | Elf:2    | Found a runed translucent gate.
 63601 | Vaults:1 | Entered Level 1 of the Vaults
 63717 | Vaults:1 | Noticed a lich
 63768 | Vaults:1 | Reached XP level 19. HP: 184/184 MP: 18/18
 63831 | Vaults:1 | Received a gift from Trog
 63873 | Vaults:1 | Reached skill level 10 in Evocations
 64450 | Vaults:1 | Found a flickering gateway to a bazaar.
 64455 | Bazaar   | Entered a bazaar
 64509 | Bazaar   | Found Suaklakk's Antique Weapon Shop.
 64528 | Bazaar   | Found Rygizi's Magic Scroll Emporium.
 64536 | Bazaar   | Bought a scroll of identify for 14 gold pieces
 64536 | Bazaar   | Bought a scroll of identify for 14 gold pieces
 64536 | Bazaar   | Bought a scroll of remove curse for 21 gold pieces
 64536 | Bazaar   | Bought a scroll of teleportation for 21 gold pieces
 64536 | Bazaar   | Bought a scroll of remove curse for 21 gold pieces
 64539 | Bazaar   | Found Fiyn's Book Boutique.
 64548 | Bazaar   | Found Wyqou's Jewellery Boutique.
 65114 | Vaults:1 | Found a huge runed gate.
 65115 | Vaults:1 | Found a huge runed gate.
 65115 | Vaults:1 | Found a huge runed gate.
 65116 | Vaults:1 | Found a huge runed gate.
 65116 | Vaults:1 | Found a huge runed gate.
 65117 | Vaults:1 | Found a huge runed gate.
 65117 | Vaults:1 | Found a huge runed gate.
 65118 | Vaults:1 | Found a huge runed gate.
 65118 | Vaults:1 | Found a huge runed gate.
 65119 | Vaults:1 | Found a huge runed gate.
 66064 | Vaults:1 | Found a huge runed gate.
 66065 | Vaults:1 | Found a huge runed gate.
 66066 | Vaults:1 | Found a huge runed gate.
 66067 | Vaults:1 | Found a huge runed gate.
 66068 | Vaults:1 | Found a huge runed gate.
 66076 | Vaults:1 | Found a huge runed gate.
 66076 | Vaults:1 | Found a huge runed gate.
 66076 | Vaults:1 | Found a huge runed gate.
 66076 | Vaults:1 | Found a huge runed gate.
 66076 | Vaults:1 | Found a huge runed gate.
 66077 | Vaults:1 | Found a huge runed gate.
 66078 | Vaults:1 | Found a huge runed gate.
 66079 | Vaults:1 | Found a huge runed gate.
 66080 | Vaults:1 | Found a huge runed gate.
 66088 | Vaults:1 | Found a huge runed gate.
 66088 | Vaults:1 | Found a huge runed gate.
 66088 | Vaults:1 | Found a huge runed gate.
 66088 | Vaults:1 | Found a huge runed gate.
 66088 | Vaults:1 | Found a huge runed gate.
 66088 | Vaults:1 | Found a huge runed gate.
 66089 | Vaults:1 | Found a huge runed gate.
 66090 | Vaults:1 | Found a huge runed gate.
 66091 | Vaults:1 | Found a huge runed gate.
 66099 | Vaults:1 | Found a huge runed gate.
 66099 | Vaults:1 | Found a huge runed gate.
 66099 | Vaults:1 | Found a huge runed gate.
 66613 | Vaults:1 | Noticed a caustic shrike
 66885 | Vaults:1 | Hit by a large rock thrown by a stone giant

Illustrated notes

Levels and vault maps discovered:
D:1:      lightli_arrival_isolated_outpost, layout_basic,
          chequers_serial_rivers_micro_d, minmay_ruptured
D:2:      layout_basic
D:3:      kb_forest_paths, layout_basic, minmay_fountain_box, okawaru_gym_becter
D:4:      layout_basic, nicolae_qazlal_general_emergency,
          nicolae_dithmenos_the_darkroom, minmay_temple_entry_junction,
          enter_ossuary_5, led_xom_imps
D:5:      layout_loops_cross, elyvilon_altar_1
D:6:      layout_rooms, general_overflow_altar, nzn_hepliaklqana_mist_gate,
          overflow_temple_1_default, gammafunk_ghost_split,
          lightli_sewer_entry_pipes
D:7:      layout_cave_pods, nicolae_overflow_crystal_walls,
          lemuel_crystal_altar, nrook_mini_backslash, uniq_harold
D:8:      layout_gridville, lemuel_round_altar, palyth_stone_intersect,
          minmay_hedge_maze, minmay_orc_keep
D:9:      layout_basic, nicolae_ru_sacrificial_ziggurat,
          grunt_lair_entry_orc_guard_hut, special_room [special_room_orc]
D:10:     layout_basic, serial_shops, kennysheep_mini_moat, special_room
          [special_room_bee], nicolae_island_escapes
D:11:     layout_gridville, enter_bailey_3
D:12:     layout_irregular_city, erik_orc_4, uniq_sonja
D:13:     layout_loops_ring, lightli_vaults_fourway_checkpoint
D:14:     layout_basic, chequers_serial_rivers_micro_b
D:15:     gammafunk_enter_depths_forms, layout_loops_ring, serial_shops,
          bzr_entry_islet, minmay_misc_feat_diagonals, grunt_ministairs_15,
          minmay_puff, uniq_azrael
Temple:   minmay_temple_bridge_abc
Lair:1:   cheibrodos_lair_river_kwai, layout_chaotic_city, minivault_23,
          grunt_forest_stairs_basic
Lair:2:   layout_cave_pods, nicolae_swamp_entry_splash_gauntlet,
          portal_ice_cave_entry_pillars_2
Lair:3:   layout_roguey, dummy_spider_entry, nicolae_volcano_entry_lava_flow,
          grunt_megastairs_1
Lair:4:   layout_cave_pods, uniq_nessos
Lair:5:   layout_cave_pods, gammafunk_ghost_berserking_beasts
Lair:6:   grunt_lair_end_beastmaster, layout_gridlike,
          nicolae_slime_entry_slimehenge, gauntlet_entry_generic, minivault_19,
          minmay_shattered_shrine
Swamp:1:  gammafunk_mikee_crab_dinner, layout_basic_swamp,
          hangedman_swamp_ruin_hall, swamp_pool1
Swamp:2:  layout_basic_swamp, serial_swamp_ruin, evilmike_swamp_ruin_house_1,
          evilmike_swamp_ruin_house_3, evilmike_swamp_ruin_rubble_1,
          infiniplex_staircase_pool, uniq_kirke
Swamp:3:  layout_basic_swamp, ebering_ghost_inner_flame,
          nicolae_swamp_very_dense_foliage, swamp_pool5
Swamp:4:  swamp_vile, layout_basic_swamp, infiniplex_staircase_pool_2,
          uniq_louise
Spider:1: layout_spider_delve
Spider:2: layout_spider_delve, hangedman_stitches_earthworm,
          nicolae_spider_cling_halls, uniq_arachne
Spider:3: layout_spider_delve
Spider:4: grunt_spider_rune_island, nicolae_crawler_farm
Orc:1:    layout_diamond_mine, basic_altar, uniq_snorg
Orc:2:    st_orc_town, layout_caves, serial_shops, shop, shop, shop,
          nicolae_shop_trees, nicolae_orc_damp_corner, nicolae_orc_bridge_out,
          david_defended_altar_orc
Elf:1:    elf_arrival_002, layout_geoelf_grid, gammafunk_ghost_arena,
          minmay_elf_annihilation
Elf:2:    layout_onion_city, basic_altar, serial_shops, nicolae_shop_crystal,
          minmay_misc_feat_alley
Vaults:1: vaults_mumra_chevron_long, v_misc_26, v_rooms_4,
          nicolae_vaults_arrows, vaults_room_corners,
          hangedman_vaults_river_flow, vaults_mumra_lcd, vaults_door_vault,
          v_misc_17, nicolae_vaults_rhombus_5, ontoclasm_vaults_decontamination,
          layout_vaults_omnicross, serial_shops, bzr_entry_dummy

Skill      XL: |  1  2  3  4  5  6  7  8  9 10 11 12 13 14 15 16 17 18 19 |
---------------+----------------------------------------------------------+-----
Axes           | 4 5 6 7 9 11 12 14 15 16 17 18 19 20 | 20.0
Fighting       | 4 5 6 7 8 9 11 12 14 15 16 17 18 19 20 | 20.9
Armour         | 3 4 5 6 8 9 11 12 13 14 15 16 | 16.0
Dodging        | 3 4 6 7 8 10 11 12 14 15 16 17 | 17.0
Evocations     | 2 4 5 6 7 8 9 10 | 10.6
Shields        | 2 5 6 8 10 11 | 11.8

Action                   |  1- 3 |  4- 6 |  7- 9 | 10-12 | 13-15 | 16-18 | 19-21 || total
-------------------------+-------+-------+-------+-------+-------+-------+-------++-------
Melee: Hand axe          |    73 |   174 |   534 |   599 |       |       |       ||  1380
       Headbutt          |    14 |    36 |    91 |   173 |   232 |   329 |    93 ||   968
       War axe           |       |       |       |   102 |   171 |       |       ||   273
       Battleaxe         |       |       |       |       |   648 |       |       ||   648
       Broad axe         |       |       |       |       |   161 |  1254 |   257 ||  1672
Invok: Berserk           |     1 |       |     9 |    17 |    19 |    10 |     1 ||    57
       Brothers in Arms  |       |       |     4 |     9 |     5 |     3 |       ||    21
       Trog's Hand       |       |       |     3 |     5 |     1 |       |       ||     9
Evoke: Wand              |       |       |       |    11 |    14 |     1 |     1 ||    27
  Use: Scroll            |       |     6 |    10 |    15 |    20 |    14 |     6 ||    71
       Potion            |       |       |       |     5 |     5 |    18 |     1 ||    29
 Stab: Invisible         |       |       |     2 |       |       |       |       ||     2
       Petrified         |       |       |       |       |     5 |       |       ||     5
       Petrifying        |       |       |       |       |     1 |       |       ||     1
       Confused          |       |       |       |       |       |     1 |       ||     1
       Distracted        |       |       |       |       |       |     1 |       ||     1
       Sleeping          |       |       |       |       |       |     1 |       ||     1
Armor: Animal skin       |     5 |    29 |    36 |       |       |       |       ||    70
       Plate armour      |       |       |    30 |   172 |       |       |       ||   202
       Crystal plate arm |       |       |       |   199 |   711 |   498 |       ||  1408
       Scale mail        |       |       |       |       |       |    54 |    23 ||    77
Dodge: Dodged            |    47 |   116 |   332 |   322 |   438 |   511 |    84 ||  1850
       Repelled          |       |       |     1 |     3 |    15 |    22 |       ||    41
Block: Other             |       |       |    45 |   157 |   181 |     4 |       ||   387
       Reflection        |       |       |     2 |    12 |     9 |    48 |    17 ||    88
       Kite shield       |       |       |       |    37 |   115 |  1147 |   192 ||  1491
